 Dungeon Crawl Stone Soup version 0.19.1 (webtiles) character file.

20108 Aksej the Carver (level 12, -21/92 HPs)
             Began as a Demonspawn Gladiator on Dec 4, 2016.
             Was a High Priest of Qazlal.
             Demolished by an enormous slime creature (72 damage)
             ... on level 14 of the Dungeon.
             The game lasted 00:39:54 (12633 turns).

Aksej the Carver (Demonspawn Gladiator)            Turns: 12633, Time: 00:39:54

Health: -21/92     AC: 28    Str: 17    XL:     12   Next: 42%
Magic:  17/17      EV: 16    Int: 11    God:    Qazlal [*****.]
Gold:   622        SH: 10    Dex: 20    Spells: 0 memorised, 11 levels left

rFire  + . .     SeeInvis .     a - +2 double sword (protect)
rCold  . . .     Gourm    .     T - +0 steam dragon scales
rNeg   . . .     Faith    .     (no shield)
rPois  +         Spirit   .     c - +0 helmet
rElec  .         Reflect  +     O - +1 cloak
rCorr  .         Harm     .     (gloves unavailable)
MR     .....                    r - +2 pair of boots
Stlth  +.........               D - +3 amulet of reflection
                                i - ring of protection from fire
                                I - ring of poison resistance

@: sanguine armour, protection aura, repel missiles
A: claws 3, agile 1, demonic guardian 1, spiny 2, strong 1, wild magic 1,
sanguine armour 2
a: Upheaval, Elemental Force, Disaster Area, Renounce Religion


You were on level 14 of the Dungeon.
You worshipped Qazlal.
Qazlal was extremely pleased with you.
You were hungry.

You visited 1 branch of the dungeon, and saw 14 of its levels.

You collected 913 gold pieces.
You spent 291 gold pieces at shops.

Inventory:

Hand Weapons
 a - a +2 double sword of protection (weapon)
 b - a +3 scimitar of flaming
 j - a +0 great sword
Missiles
 d - 2 throwing nets
 h - 2 tomahawks of returning (quivered)
 B - 23 tomahawks
Armour
 c - a +0 helmet (worn)
 r - a +2 pair of boots (worn)
 O - a +1 cloak (worn)
 T - +0 steam dragon scales (worn)
Jewellery
 i - a ring of protection from fire (right claw)
 x - an uncursed amulet of the gourmand
 D - a +3 amulet of reflection (around neck)
 I - a ring of poison resistance (left claw)
 L - an uncursed amulet of magic regeneration
Wands
 g - a wand of acid (7/15)
 y - a wand of iceblast (9/15)
 A - a wand of slowing (26/48)
 H - a wand of disintegration (11/24)
 J - a wand of polymorph (1/24)
 K - a wand of paralysis (10/24)
 Q - a wand of lightning (10/15)
 R - a wand of flame (39/48)
Scrolls
 l - a scroll of remove curse
 n - 2 scrolls of enchant weapon
 p - a scroll of recharging
 w - a scroll of blinking
 C - 4 scrolls of identify
 N - 3 scrolls of amnesia
 U - 2 scrolls of teleportation
Potions
 e - 6 potions of flight
 k - 3 potions of magic
 q - a potion of might
 s - 2 potions of heal wounds
 t - 2 potions of agility
 u - 4 potions of curing
 v - 3 potions of brilliance
 z - a potion of cancellation
 M - 3 potions of cure mutation
 P - 2 potions of invisibility
Books
 E - a book of Battle

   Spells                             Type                      Level
   a - Infusion                       Charms                       1
   b - Shroud of Golubria             Charms/Translocation         2
   c - Song of Slaying                Charms                       2
   d - Spectral Weapon                Hexes/Charms                 3
   e - Regeneration                   Charms/Necromancy            3
Comestibles
 f - 10 bread rations
 m - 2 royal jellies
 o - 2 meat rations
 F - 2 beef jerkies
 G - 29 fruits


   Skills:
 + Level 7.7 Fighting
 * Level 14.7 Long Blades
 + Level 3.3 Throwing
 + Level 4.8 Armour
 + Level 5.8 Dodging
 + Level 7.4 Invocations
 + Level 0.6 Evocations


You had 11 spell levels left.
You didn't know any spells.

Dungeon Overview and Level Annotations

Branches:
Dungeon (14/15)            Temple (0/1) D:5            Lair (0/6) D:9
    Orc (0/2) D:11
 Vaults: D:13-14

Altars:
Cheibriados
Dithmenos
Fedhas
Kikubaaqudgha
Makhleb
Nemelex Xobeh
Okawaru
Qazlal
Ru
Trog
Uskayaw
Xom
Yredelemnul

Shops:
D:6 !   D:10 (   D:11 (   D:12 (


Innate Abilities, Weirdness & Mutations

You have claws for hands.
A weak demonic guardian rushes to your aid.
You are mostly covered in sharp spines.
When seriously injured, your bleeding wounds create thick armour. (AC +9)
You are agile. (Dex +2)
Your muscles are strong. (Str +2)
Your spells are a little harder to cast, but a little more powerful.


Message History

You slash the enormous slime creature!
The enormous slime creature is heavily wounded.
You block the enormous slime creature's attack.
You slash the enormous slime creature!
The enormous slime creature is heavily wounded.
Your white imp hits the enormous slime creature.
Your white imp freezes the enormous slime creature.
The enormous slime creature is struck by your spines.
The enormous slime creature hits you!!
Your blood congeals into armour.
Your white imp hits the enormous slime creature.
Your white imp freezes the enormous slime creature.
Your white imp hits the enormous slime creature.
Your white imp freezes the enormous slime creature.
Your white imp hits the enormous slime creature.
Your white imp freezes the enormous slime creature.
You feel much better.
The enormous slime creature is struck by your spines.
The enormous slime creature hits you!!!!
Ouch! That really hurt!
You die...

#....... .. #...... .. ..... ..
... #§######## #.§......#
#5§......# ### #J§......#
#..#######@.......# ..
#..........§......# ####
..##...........§.....######...
.....................#........
.........(..........#.##....#
#.................#.##....#
#.................#........
.....#..............>..#........
#....###'######........#........


You could see an enormous slime creature and a friendly white imp.

Vanquished Creatures
  Gastronok (D:12)
  Louise (D:14)
  2 centaur warriors (D:13)
  A tengu warrior (D:13)
  Nergalle (D:12)
  2 unseen horrors
  A hill giant (D:11)
  A cyclops (D:12)
  An ugly thing (D:11)
  Maurice (D:9)
  2 gargoyles
  Psyche (D:12)
  A kobold demonologist (D:12)
  A tengu conjurer (D:13)
  An efreet (D:13)
  A komodo dragon (D:9)
  2 trolls
  Prince Ribbit (D:8)
  4 hippogriffs
  A meliai zombie (D:12)
  Eustachio (D:6)
  3 yaks (D:11)
  A wyvern (D:13)
  A steam dragon (D:11)
  A basilisk (D:9)
  Edmund (D:5)
  2 hungry ghosts
  4 vampire mosquitoes (D:13)
  A mottled dragon (D:11)
  A water moccasin (D:10)
  4 orc warriors
  3 sky beasts (D:13)
  7 ice beasts
  A phantom (D:5)
  5 centaurs
  4 wolves (D:9)
  3 ogres
  A crocodile (D:9)
  4 big kobolds
  A wyvern zombie (D:14)
  4 bullfrogs
  Dowan (D:6)
  A wyvern skeleton (D:9)
  A hornet simulacrum (D:14)
  7 scorpions
  15 killer bees
  A howler monkey (D:7)
  3 crimson imps
  A bullfrog zombie (D:7)
  2 quasits (D:8)
  7 hounds
  A bullfrog skeleton (D:9)
  A centaur skeleton (D:10)
  6 orc priests
  A jelly (D:10)
  A gnoll shaman (D:5)
  Jessica (D:3)
  7 orc wizards
  4 worker ants
  A hound zombie (D:11)
  A worker ant zombie (D:9)
  6 gnolls
  16 adders
  7 shadow imps
  An ooze (D:2)
  8 worms
  An adder skeleton (D:6)
  A dart slug (D:2)
  5 leopard geckos
  38 orcs
  6 giant cockroaches
  9 goblins
  13 hobgoblins
  10 jackals
  28 kobolds
  6 quokkas
  4 ball pythons (D:1)
  12 bats
  8 frilled lizards
  A jackal skeleton (D:7)
  2 quokka skeletons
  10 rats
  2 plants
337 creatures vanquished.

Vanquished Creatures (collateral kills)
  A hydra (D:13)
  A cyclops (D:11)
  A centaur skeleton (D:13)
  Grum (D:9)
  A hungry ghost (D:11)
  The ghost of Angani the Ducker, an amateur OpFi (D:3)
  Duvessa (D:6)
  An ice beast (D:7)
  A howler monkey (D:7)
  A crimson imp (D:5)
  An iguana (D:5)
  A hound zombie (D:5)
  An adder zombie (D:5)
  An orc (D:9)
  2 kobolds (D:7)
  2 quokkas
18 creatures vanquished.

Vanquished Creatures (others)
  A sky beast (D:11)
  An orc (D:13)
2 creatures vanquished.

Grand Total: 357 creatures vanquished

Notes
Turn   | Place    | Note
-------+----------+-------------------------------------------
     0 | D:1      | Aksej the Demonspawn Gladiator began the quest for the Orb.
     0 | D:1      | Reached XP level 1. HP: 16/16 MP: 1/1
    94 | D:1      | Gained mutation: When seriously injured, your bleeding wounds create armour. (AC +9) [demonic ancestry]
    94 | D:1      | Reached XP level 2. HP: 10/22 MP: 2/2
   321 | D:1      | Reached skill level 3 in Long Blades
   517 | D:1      | Gained mutation: A weak demonic guardian rushes to your aid. [demonic ancestry]
   517 | D:1      | Reached XP level 3. HP: 21/27 MP: 3/3
   870 | D:1      | Gained mutation: Your spells are a little harder to cast, but a little more powerful. [potion of mutation]
   870 | D:1      | Gained mutation: Your system is resistant to poisons. (rPois) [potion of mutation]
   870 | D:1      | Gained mutation: You have large cloven feet. [potion of mutation]
  1221 | D:2      | Gained mutation: You have sharp fingernails. [demonic ancestry]
  1221 | D:2      | Reached XP level 4. HP: 29/34 MP: 4/4
  1272 | D:2      | Found a faded altar of an unknown god.
  1272 | D:2      | Found a faded altar of an unknown god.
  1281 | D:2      | Found a faded altar of an unknown god.
  1283 | D:2      | Found a stormy altar of Qazlal.
  1284 | D:2      | Found a faded altar of an unknown god.
  1291 | D:2      | Became a worshipper of Qazlal Stormbringer
  1436 | D:2      | Found an iron altar of Okawaru.
  1536 | D:2      | Reached skill level 4 in Long Blades
  1992 | D:3      | Noticed Angani's ghost (amateur OpFi)
  2001 | D:3      | Killed Angani's ghost
  2001 | D:3      | Reached skill level 1 in Armour
  2001 | D:3      | Gained mutation: When seriously injured, your bleeding wounds create thick armour. (AC +9) [demonic ancestry]
  2001 | D:3      | Reached XP level 5. HP: 26/39 MP: 5/5
  2052 | D:3      | Noticed Jessica
  2056 | D:3      | Killed Jessica
  2056 | D:3      | Reached skill level 5 in Long Blades
  2276 | D:3      | Reached * piety under Qazlal
  2632 | D:3      | Reached XP level 6. HP: 36/46 MP: 6/6
  3040 | D:3      | Lost mutation: You have large cloven feet. [potion of cure mutation]
  3040 | D:3      | Lost mutation: Your spells are a little harder to cast, but a little more powerful. [potion of cure mutation]
  3040 | D:3      | Lost mutation: Your system is resistant to poisons. (rPois) [potion of cure mutation]
  3245 | D:4      | Found a shimmering altar of Xom.
  3245 | D:4      | Found a shimmering altar of Xom.
  3425 | D:4      | Noticed an ice beast
  3435 | D:4      | Killed an ice beast
  3436 | D:4      | Found a bloodstained altar of Trog.
  3638 | D:4      | Found a shimmering altar of Xom.
  3652 | D:4      | Found a shimmering altar of Xom.
  3653 | D:4      | Found a shimmering altar of Xom.
  3655 | D:4      | Found a shimmering altar of Xom.
  3655 | D:4      | Found a shimmering altar of Xom.
  3766 | D:4      | Found a snail-covered altar of Cheibriados.
  3963 | D:4      | Reached ** piety under Qazlal
  3963 | D:4      | Reached skill level 6 in Long Blades
  4065 | D:5      | Entered Level 5 of the Dungeon
  4118 | D:5      | Noticed Edmund
  4172 | D:5      | Gained mutation: You are partially covered in sharp spines. [demonic ancestry]
  4172 | D:5      | Reached XP level 7. HP: 20/52 MP: 7/7
  4560 | D:5      | Found a staircase to the Ecumenical Temple.
  4631 | D:5      | Reached skill level 7 in Long Blades
  4964 | D:5      | Killed Edmund
  5056 | D:5      | Found a blossoming altar of Fedhas.
  5336 | D:6      | Reached skill level 1 in Invocations
  5336 | D:6      | Gained mutation: You have very sharp fingernails. [demonic ancestry]
  5336 | D:6      | Reached XP level 8. HP: 60/60 MP: 8/8
  5353 | D:6      | Noticed Eustachio
  5374 | D:6      | Killed Eustachio
  5456 | D:6      | Found a sparkling altar of Nemelex Xobeh.
  5523 | D:6      | Noticed Dowan
  5525 | D:6      | Noticed Duvessa
  5532 | D:6      | Killed Duvessa
  5532 | D:6      | Reached skill level 8 in Long Blades
  5542 | D:6      | Killed Dowan
  5620 | D:6      | Found Leib's Distillery.
  5623 | D:6      | Bought a potion of cancellation for 88 gold pieces
  5623 | D:6      | Bought a potion of might for 44 gold pieces
  5623 | D:6      | Bought a potion of heal wounds for 55 gold pieces
  5623 | D:6      | Bought a potion of mutation for 27 gold pieces
  5623 | D:6      | Bought a potion of curing for 33 gold pieces
  5623 | D:6      | Bought a potion of agility for 44 gold pieces
  5623 | D:6      | Gained mutation: Your muscles are strong. (Str +2) [potion of mutation]
  5623 | D:6      | Gained mutation: Your spells are a little harder to cast, but a little more powerful. [potion of mutation]
  5623 | D:6      | Gained mutation: You are agile. (Dex +2) [potion of mutation]
  6095 | D:7      | Reached *** piety under Qazlal
  6102 | D:7      | Found a sacrificial altar of Ru.
  6182 | D:7      | Found a shadowy altar of Dithmenos.
  6411 | D:7      | Found a hide-covered altar of Uskayaw.
  6414 | D:7      | Noticed a dagger
  6414 | D:7      | Noticed a hand axe
  6462 | D:7      | Noticed a hippogriff
  6477 | D:7      | Killed a hippogriff
  6477 | D:7      | Reached skill level 9 in Long Blades
  6477 | D:7      | Reached XP level 9. HP: 51/66 MP: 11/11
  6758 | D:8      | Noticed Prince Ribbit
  7050 | D:8      | Found a basalt altar of Yredelemnul.
  7100 | D:8      | Killed Prince Ribbit
  7117 | D:8      | Found an ancient bone altar of Kikubaaqudgha.
  7331 | D:8      | Found a bloodstained altar of Trog.
  7662 | D:9      | Reached skill level 5 in Invocations
  7668 | D:9      | Reached skill level 5 in Fighting
  7668 | D:9      | Reached skill level 10 in Long Blades
  7673 | D:9      | Noticed Grum
  7680 | D:9      | Killed Grum
  7879 | D:9      | Noticed a komodo dragon
  7886 | D:9      | Killed a komodo dragon
  7886 | D:9      | Reached **** piety under Qazlal
  7934 | D:9      | Noticed Maurice
  7958 | D:9      | Killed Maurice
  7958 | D:9      | Reached XP level 10. HP: 33/74 MP: 14/14
  7998 | D:9      | Found a staircase to the Lair.
  8501 | D:9      | Found a burning altar of Makhleb.
  8501 | D:9      | Noticed a green death
  8504 | D:9      | Noticed a smoke demon
  8621 | D:10     | Entered Level 10 of the Dungeon
  8969 | D:10     | Reached skill level 11 in Long Blades
  9040 | D:10     | Noticed a gargoyle
  9051 | D:10     | Killed a gargoyle
  9780 | D:11     | Found a staircase to the Orcish Mines.
  9861 | D:11     | Found Opnainis's Antique Weapon Boutique.
  9900 | D:11     | Noticed a red ugly thing
  9912 | D:11     | Killed a red ugly thing
 10108 | D:11     | Reached skill level 12 in Long Blades
 10129 | D:11     | Noticed a hill giant
 10144 | D:11     | Killed a hill giant
 10144 | D:11     | Gained mutation: You have claws for hands. [demonic ancestry]
 10144 | D:11     | Reached XP level 11. HP: 50/81 MP: 16/16
 10855 | D:12     | Identified a scroll of acquirement
 10877 | D:12     | Found Homaynem's Weapon Boutique.
 10882 | D:12     | Noticed Psyche
 10892 | D:12     | Killed Psyche
 10901 | D:12     | Reached ***** piety under Qazlal
 11304 | D:12     | Noticed Nergalle
 11319 | D:12     | Killed Nergalle
 11324 | D:12     | Killed an unseen horror
 11324 | D:12     | Reached skill level 13 in Long Blades
 11383 | D:12     | Noticed Gastronok
 11402 | D:12     | Killed Gastronok
 11402 | D:12     | Reached skill level 5 in Dodging
 11846 | D:13     | Noticed a centaur warrior
 11848 | D:13     | Killed a centaur warrior
 11848 | D:13     | Gained mutation: You are mostly covered in sharp spines. [demonic ancestry]
 11848 | D:13     | Reached XP level 12. HP: 89/91 MP: 17/17
 11856 | D:13     | Noticed a centaur warrior
 11871 | D:13     | Killed a centaur warrior
 11871 | D:13     | Reached skill level 14 in Long Blades
 11935 | D:13     | Noticed an eight-headed hydra
 11948 | D:13     | Killed an eight-headed hydra
 12015 | D:13     | Noticed a tengu warrior
 12039 | D:13     | Killed a tengu warrior
 12507 | D:14     | Noticed Louise
 12535 | D:14     | Killed Louise
 12633 | D:14     | Demolished by an enormous slime creature

Skill      XL: |  1  2  3  4  5  6  7  8  9 10 11 12 |
---------------+-------------------------------------+-----
Dodging        | 3 4 5 |  5.8
Long Blades    | 3 4 5 6 7 9 10 12 13 14 | 14.7
Armour         | 1 2 3 4 |  4.8
Fighting       | 3 4 5 6 7 |  7.7
Invocations    | 1 3 5 7 |  7.4
Throwing       | 2 3 |  3.3
Evocations     | |  0.6

Action                   |  1- 3 |  4- 6 |  7- 9 | 10-12 || total
-------------------------+-------+-------+-------+-------++-------
Melee: Long sword        |   133 |   281 |   180 |       ||   594
       Kick              |    12 |     5 |       |       ||    17
       Great sword       |       |       |    74 |   192 ||   266
       Double sword      |       |       |       |   209 ||   209
Throw: Tomahawk          |     3 |     5 |    17 |    35 ||    60
       Throwing net      |       |       |       |     3 ||     3
Evoke: Wand              |       |       |       |     4 ||     4
  Use: Scroll            |     7 |     6 |     3 |     5 ||    21
       Potion            |     1 |     8 |     3 |     5 ||    17
 Stab: Sleeping          |     1 |       |       |       ||     1
       Distracted        |       |     2 |     3 |     5 ||    10
  Eat: Chunk             |     1 |    17 |    12 |    16 ||    46
Armor: Leather armour    |     3 |       |       |       ||     3
       Ring mail         |    51 |    79 |    86 |    47 ||   263
       Skin              |       |    10 |       |       ||    10
       Steam dragon scal |       |       |       |    77 ||    77
Dodge: Dodged            |   102 |   165 |   140 |   198 ||   605
       Deflected         |       |       |       |     5 ||     5
Block: Other             |       |     9 |    72 |   173 ||   254
       Reflection        |       |       |     1 |    14 ||    15
       Rpst.: Long sword |    35 |    59 |    30 |       ||   124
       Great sword       |       |       |     8 |    25 ||    33
       Double sword      |       |       |       |    15 ||    15
